 Dungeon Crawl Stone Soup version 0.31-a0-180-g519b7de00c (webtiles) character file.

Game seed: 16496976938195429281

84 qw the Shooter (level 4, -3/40 HPs)
             Began as a Naga Hunter on June 19, 2023.
             Slain by a black bear (5 damage)
             ... on level 3 of the Dungeon.
             The game lasted 00:00:46 (2530 turns).

qw the Shooter (Naga Hunter)                        Turns: 2530, Time: 00:00:47

Health: -3/40      AC:  3    Str: 13    XL:     4   Next: 45%
Magic:  4/4        EV:  9    Int: 10    God:
Gold:   78         SH:  0    Dex: 16    Spells: 3/3 levels left

rFire   . . .        Y - +0 shortbow
rCold   . . .        (shield currently unavailable)
rNeg    . . .        c - +0 leather armour
rPois   +            (no helmet)
rElec   .            (no cloak)
rCorr   .            l - +0 pair of gloves
SInv    +            (no barding)
Will    +....        (no amulet)
Stlth   ++           k - ring of willpower
HPRegen 0.26/turn    (no ring)
MPRegen 0.09/turn

%: no passive effects
@: about to teleport, very slow
A: AC +1, large, see invisible, deformed body, poison resistance, slowness 2,
spit poison 1, naga tail 1
a: Spit Poison


You were on level 3 of the Dungeon.
You visited 1 branch of the dungeon, and saw 4 of its levels.

You collected 143 gold pieces.
You spent 65 gold pieces at shops.


Innate Abilities, Weirdness & Mutations

Your serpentine skin is tough. (AC +1)
You have supernaturally acute eyesight. (SInv)
Armour fits poorly on your strangely shaped body.
Your system is resistant to poisons. (rPois)
You cover ground very slowly.
You can spit poison.
You have a snake-like lower body.


   Skills:
 + Level 2.6 Fighting
 - Level 5.0 Ranged Weapons
 - Level 1.5 Dodging
 - Level 1.5 Stealth


You had 3 spell levels left.
You didn't know any spells.
Your spell library was empty.

Inventory:

Hand Weapons
 Y - a +0 shortbow (weapon)
Armour
 c - a +0 leather armour (worn)
 e - the +0 ring mail "Baegosue" {Harm rElec rF+++ rC- Str-2}
   (You found it on level 2 of the Dungeon)

   Str:       It affects your strength (-2).
   rF:        It renders you almost immune to fire.
   rC:        It makes you vulnerable to cold.
   rElec:     It insulates you from electricity.
   Harm:      It increases damage dealt and taken.
 l - a +0 pair of gloves (worn)
Jewellery
 k - a ring of willpower (left hand)
Scrolls
 g - a scroll of identify
 h - a scroll of teleportation
Potions
 d - a potion of heal wounds
 m - a potion of attraction {unknown}

Dungeon Overview and Level Annotations

Branches:
Dungeon (4/15)
 Temple: D:4-7

Altars:
Makhleb

Shops:
D:2 ?


Message History

The arrow hits the black bear but does no damage.
The black bear is moderately wounded.
You shoot an arrow. The arrow hits the black bear!
The black bear is severely wounded.
You have got your breath back.
2526 ||| INVOKING Spit Poison.
Aiming: Spit Poison (1% risk of failure)
Press: ? - help, Shift-Dir - straight line, f/p - black bear The splash of poison hits the black bear.
The black bear looks even sicker.
The black bear is almost dead.
The black bear goes berserk!
A goblin comes into view. It is wielding a +0 club.
You shoot an arrow.
The arrow closely misses the black bear.
The black bear bites you. The black bear barely misses you.
The black bear claws you. The orc hits you with a +0 hand axe.
The black bear bites you! The black bear claws you.
The black bear barely misses you.
2528 ||| STAIRDANCE You have got your breath back.
The black bear closely misses you. The black bear claws you.
The black bear claws you but does no damage.
The orc hits you with a +0 hand axe.
You climb upwards.
There is a stone staircase leading down here.
Enter note:
Enter note:
Enter note:
Enter note:
Enter note:
Enter note:
Enter note:
Enter note:
Enter note:
2530 ||| READING 2 scrolls of teleportation.
As you read the scroll of teleportation, it crumbles to dust.
You feel strangely unstable. The black bear bites you!
The black bear claws you.
You die...

##.#.# #.#.##.##.#
#....######## #.#.##.##.#
#.#.........####.#.##.##.#
##
#........).......#.##.##.#
#.
###########..#####.##.##.#
#. #..####...#.##.# #.
#.......#...##.###.
##o####...####.....
#@h...............
#.####.###.###.###
#.###.).##.# #.#
#.##<....#.# #.#
#.#........# #.#
#..........###.#
#..............#
##....)....##### #
##......%.# #


You could see a black bear (berserk, very poisoned) and an orc.

Vanquished Creatures
  An adder (D:3)
  2 worms (D:3)
  4 dart slugs
  6 endoplasms
  2 giant cockroaches (D:1)
  9 goblins
  2 hobgoblins (D:1)
  4 jackals (D:1)
  4 quokkas
  3 ball pythons
  4 bats
  2 frilled lizards
  8 kobolds
  6 rats
57 creatures vanquished.

Notes
Turn   | Place    | Note
-------+----------+-------------------------------------------
     0 | D:1      | qw the Naga Hunter began the quest for the Orb.
     0 | D:1      | Reached XP level 1. HP: 19/19 MP: 1/1
     0 | D:1      | 0 ||| qw: Version: 0.3-a-7-ge0c9b40
     0 | D:1      | 0 ||| qw: Game counter: 906
     0 | D:1      | 0 ||| qw: Always use a shield: true
     0 | D:1      | 0 ||| qw: God list: Okawaru
     0 | D:1      | 0 ||| qw: Allow faded altars: false
     0 | D:1      | 0 ||| qw: Do Orc after D:15 true
     0 | D:1      | 0 ||| qw: Do second Lair branch before Depths: true
     0 | D:1      | 0 ||| qw: Lair rune preference: random
     0 | D:1      | 0 ||| qw: Plans: Normal
     0 | D:1      | 0 ||| PLANNING D:1-11
    44 | D:1      | 44 ||| INVOKING Spit Poison.
   104 | D:1      | 104 ||| INVOKING Spit Poison.
   120 | D:1      | Reached skill level 4 in Ranged Weapons
   120 | D:1      | Reached XP level 2. HP: 26/26 MP: 2/2
   133 | D:1      | 133 ||| INVOKING Spit Poison.
   147 | D:1      | 147 ||| INVOKING Spit Poison.
   150 | D:1      | 150 ||| INVOKING Spit Poison.
   155 | D:1      | 155 ||| INVOKING Spit Poison.
   158 | D:1      | 158 ||| INVOKING Spit Poison.
   162 | D:1      | 162 ||| INVOKING Spit Poison.
   169 | D:1      | 169 ||| INVOKING Spit Poison.
   196 | D:1      | 196 ||| INVOKING Spit Poison.
   229 | D:1      | Reached XP level 3. HP: 32/32 MP: 3/3
   230 | D:1      | 230 ||| INVOKING Spit Poison.
   272 | D:1      | 272 ||| INVOKING Spit Poison.
   275 | D:1      | 275 ||| INVOKING Spit Poison.
   310 | D:1      | 310 ||| INVOKING Spit Poison.
   477 | D:1      | 477 ||| FLEEEEING.
   517 | D:1      | 517 ||| INVOKING Spit Poison.
   521 | D:1      | 521 ||| INVOKING Spit Poison.
   525 | D:1      | 525 ||| INVOKING Spit Poison.
   529 | D:1      | 529 ||| INVOKING Spit Poison.
   547 | D:1      | 547 ||| INVOKING Spit Poison.
   551 | D:1      | 551 ||| INVOKING Spit Poison.
   600 | D:1      | 600 ||| INVOKING Spit Poison.
   633 | D:1      | 633 ||| INVOKING Spit Poison.
   748 | D:1      | 748 ||| DRINKING 2 green potions.
   749 | D:1      | 749 ||| DRINKING 2 smoky coppery potions.
   854 | D:1      | 854 ||| DROPPING scroll of butterflies.
   855 | D:1      | 855 ||| DROPPING potion of berserk rage.
   957 | D:2      | 957 ||| INVOKING Spit Poison.
   971 | D:2      | Identified the +0 ring mail "Baegosue" {Harm rElec rF+++
                  | rC- Str-2}
  1048 | D:2      | 1048 ||| INVOKING Spit Poison.
  1057 | D:2      | 1057 ||| INVOKING Spit Poison.
  1067 | D:2      | 1067 ||| INVOKING Spit Poison.
  1113 | D:2      | 1113 ||| INVOKING Spit Poison.
  1131 | D:2      | 1131 ||| INVOKING Spit Poison.
  1339 | D:2      | 1339 ||| INVOKING Spit Poison.
  1390 | D:2      | Found Fuonisem's Magic Scroll Shoppe.
  1397 | D:2      | 1397 ||| SHOPLISTING scroll of enchant armour (97 gold,
                  | have 90).
  1397 | D:2      | 1397 ||| BUYING scroll of identify (26 gold).
  1397 | D:2      | Bought a scroll of identify for 26 gold pieces
  1397 | D:2      | 1397 ||| BUYING scroll of teleportation (39 gold).
  1397 | D:2      | Bought a scroll of teleportation for 39 gold pieces
  1397 | D:2      | 1397 ||| SHOPLISTING scroll of teleportation (39 gold, have
                  | 25).
  1721 | D:2      | 1721 ||| UPGRADING to +0 pair of gloves.
  1726 | D:2      | 1726 ||| UPGRADING to ring of willpower.
  1727 | D:2      | 1727 ||| READING scroll labelled ROUWUNAZU.
  1728 | D:2      | 1728 ||| READING scroll labelled HADIOSHR NOCS.
  1787 | D:2      | 1787 ||| DRINKING 2 fizzy dark potions.
  1788 | D:2      | 1788 ||| READING 2 scrolls of identify.
  1788 | D:2      | 1788 ||| IDENTIFYING viscous sapphire potion
  1789 | D:2      | 1789 ||| DROPPING potion of degeneration.
  1790 | D:2      | 1790 ||| DROPPING potion of brilliance.
  1830 | D:3      | 1830 ||| INVOKING Spit Poison.
  1831 | D:3      | Reached skill level 5 in Ranged Weapons
  1831 | D:3      | Reached XP level 4. HP: 39/39 MP: 4/4
  1835 | D:3      | 1835 ||| INVOKING Spit Poison.
  1927 | D:3      | 1927 ||| INVOKING Spit Poison.
  1953 | D:3      | 1953 ||| INVOKING Spit Poison.
  1972 | D:3      | 1972 ||| INVOKING Spit Poison.
  2028 | D:3      | Found a burning altar of Makhleb.
  2240 | D:3      | 2240 ||| INVOKING Spit Poison.
  2245 | D:3      | 2245 ||| INVOKING Spit Poison.
  2250 | D:3      | 2250 ||| INVOKING Spit Poison.
  2425 | D:3      | 2425 ||| INVOKING Spit Poison.
  2428 | D:3      | 2428 ||| INVOKING Spit Poison.
  2476 | D:3      | 2476 ||| INVOKING Spit Poison.
  2499 | D:3      | 2499 ||| READING scroll labelled ZAMIXTO UMEPP.
  2522 | D:4      | Noticed a black bear
  2523 | D:4      | 2523 ||| INVOKING Spit Poison.
  2526 | D:4      | 2526 ||| INVOKING Spit Poison.
  2528 | D:4      | 2528 ||| STAIRDANCE
  2528 | D:4      | HP: 10/40 [orc/+0 hand axe (5)]
  2530 | D:3      | 2530 ||| READING 2 scrolls of teleportation.
  2530 | D:3      | HP: 2/40 [black bear (8)]
  2530 | D:3      | Slain by a black bear

Levels and vault maps discovered:
D:1:      kennysheep_arrival_forest, layout_basic, st_stairs_10
D:2:      layout_loops_corners, serial_shops, nicolae_shop_stone
D:3:      layout_loops_ring, lemuel_coloured_pillars_altar, glass_columns_b
D:4:      kennysheep_spiral_hall, layout_rooms, minitemple, serial_shops,
          nicolae_shop_statue_plus, minmay_crystal_room,
          minmay_a_box_with_orc_wizards_in_it

Skill      XL: |  1  2  3 |
---------------+----------+-----
Ranged Weapons | 4 5 |  5.0
Fighting       | |  2.6
Dodging        | |  1.5
Stealth        | |  1.5

Action                     |  1- 3 |  4- 6 || total
---------------------------+-------+-------++-------
   Fire: Shortbow          |    68 |    38 ||   106
Ability: Spit Poison       |    30 |    12 ||    42
    Use: Scroll            |     3 |     2 ||     5
         Potion            |     3 |       ||     3
 Armour: Leather armour    |     9 |     4 ||    13
  Dodge: Dodged            |    12 |    10 ||    22

Table legend:
 A = Non-vault XP
 B = Vault XP
 C = Vault XP percentage of total XP
 D = Non-vault monster count
 E = Vault monster count
 F = Vault count percentage of total count
                 A         B        C        D         E       F
            +---------+---------+-------+---------+---------+-------
      Total |     113 |       7 |   5.8 |      53 |       4 |   7.0
            +---------+---------+-------+---------+---------+-------
        D:1 |      55 |       7 |  11.3 |      29 |       4 |  12.1
        D:2 |      18 |       0 |   0.0 |      11 |       0 |   0.0
        D:3 |      40 |       0 |   0.0 |      13 |       0 |   0.0
            +---------+---------+-------+---------+---------+-------
